Map: Deathaura LE

Players

AGOElazer (Elazer) - Winner!

  • Race: Zerg Zerg
  • League: Master
  • Spawn Location: 5:00

Kas

  • Race: Terran Terran
  • League: Grandmaster
  • Spawn Location: 11:00

Event: DreamHack SC2 Masters 2020 Fall

VOD

Have the link to the VOD?

Description

Time

  • Played on: Aug. 28, 2020, 1:16 p.m.
  • Length: 12:37

All games in this series

Show
View Real Time Build Order
Export as new Build Order

AGOElazer Zerg - Winner!

Build Orders: Hatch First, Muta Ling Bane 

Get SALT Encoding   

  12  0:00  Drone  
  13  0:13  Overlord  
  13  0:17  Drone  
  14  0:31  Drone x2  
  16  0:47  Hatchery  
  15  0:51  Drone  
  15  0:54  Drone  
  17  0:57  Drone  
  18  1:09  Extractor  
  17  1:13  Spawning Pool  
  17  1:16  Drone  
  17  1:19  Drone  
  18  1:28  Drone  
  19  1:41  Drone  
  20  1:50  Drone  
  21  1:59  Queen x2  
  21  2:00  Zergling x2  
  26  2:01  Overlord  
  26  2:11  Zergling x2  
  26  2:12  Drone, Metabolic Boost  
  28  2:22  Drone x2  
  30  2:32  Drone  
  30  2:33  Drone  
  30  2:35  Queen  
  34  2:38  Spore Crawler  
  34  2:41  Queen  
  34  2:43  Overlord  
  36  2:48  Overlord  
  36  3:02  Drone x2  
  36  3:03  Drone  
  36  3:05  Drone  
  40  3:09  Drone  
  40  3:10  Drone x2  
  40  3:11  Drone  
  44  3:13  Drone x2  
  44  3:18  Drone x2  
  48  3:27  Hatchery  
  47  3:31  Lair  
  47  3:33  Extractor  
  46  3:35  Drone  
  46  3:38  Overlord  
  47  3:41  Drone x2  
  47  3:43  Drone  
  49  3:49  Overlord  
  49  3:56  Queen  
  49  3:57  Overlord  
  49  3:58  Zergling x2, Baneling Nest  
  50  4:03  Zergling x4  
  50  4:08  Extractor  
  50  4:09  Extractor, Zergling x8  
  54  4:21  Drone x3  
  54  4:22  Drone x2  
  59  4:28  Drone x3  
  59  4:30  Spire  
  61  4:36  Queen  
  63  4:41  Overlord  
  63  4:42  Drone  
  64  4:51  Drone, Spore Crawler  
  63  5:02  Queen  
  63  5:03  Drone, Spore Crawler  
  63  5:05  Queen  
  63  5:06  Baneling  
  63  5:07  Baneling x4  
  67  5:08  Zergling x4  
  67  5:12  Zergling x2  
  67  5:13  Zergling x2  
  67  5:14  Overseer  
  71  5:27  Baneling x2  
  71  5:28  Zergling x8  
  71  5:29  Zergling x2  
  72  5:43  Mutalisk x5  
  78  5:54  Drone x6  
  78  5:56  Overlord  
  81  6:09  Overlord  
  81  6:16  Drone x9  
  90  6:20  Extractor  
  90  6:22  Extractor  
  88  6:26  Mutalisk  
  88  6:29  Overlord, Zerg Flyer Weapons Level 1  
  88  6:31  Drone x3  
  93  6:40  Mutalisk  
  93  6:41  Mutalisk x2  
  97  6:48  Drone x5  
  97  6:52  Centrifical Hooks  
  102  6:54  Evolution Chamber  
  102  6:55  Evolution Chamber  
  102  6:56  Drone x2  
  102  7:00  Drone x3  
  105  7:04  Drone  
  105  7:07  Overlord  
  106  7:14  Hatchery  
  104  7:18  Drone  
  104  7:19  Overlord  
  104  7:20  Zerg Ground Armor Level 1, Zerg Melee Weapons Level 1  
  105  7:27  Mutalisk x4  
  113  7:30  Overlord x2  
  113  7:37  Overlord  
  113  7:39  Mutalisk x2  
  113  7:41  Zergling x2  
  113  7:42  Zergling x6  
  121  7:46  Baneling  
  121  7:47  Baneling x2  
  121  7:49  Zergling x10  
  126  8:04  Mutalisk  
  126  8:05  Mutalisk x3  
  134  8:09  Hatchery  
  134  8:12  Zergling x14  
  140  8:13  Pneumatized Carapace  
  140  8:15  Overseer  
  140  8:21  Drone  
  140  8:22  Drone  
  140  8:23  Overlord  
  140  8:24  Zerg Flyer Weapons Level 2  
  140  8:26  Drone x4  
  146  8:28  Drone  
  147  8:36  Drone x4  
  151  8:43  Overlord  
  151  8:47  Drone x3  
  151  8:48  Drone x3, Extractor  
  155  8:49  Drone  
  155  8:55  Zergling x6  
  158  8:58  Overlord  
  158  8:59  Infestation Pit  
  159  9:05  Drone x4  
  159  9:06  Mutalisk x2  
  167  9:13  Overlord  
  167  9:18  Zerg Melee Weapons Level 2, Zerg Ground Armor Level 2, Overseer  
  167  9:22  Hatchery  
  167  9:23  Mutalisk x2  
  168  9:24  Mutalisk  
  168  9:25  Zergling x18  
  168  9:30  Extractor  
  168  9:31  Drone  
  181  9:33  Drone x6, Spore Crawler  
  181  9:34  Drone x2  
  188  9:41  Hive  
  188  9:45  Zergling x4  
  189  10:01  Overlord x2  
  189  10:17  Baneling x31  
  189  10:21  Zergling x22  
  200  10:24  Baneling x7  
  200  10:26  Unknown  
  199  10:28  Unknown  
  193  10:38  Zergling x12  
  193  10:39  Baneling x11  
  193  10:40  Baneling x2  
  189  10:54  Zergling x32  
  189  10:56  Adrenal Glands  
  200  11:00  Ultralisk Cavern  
  199  11:05  Baneling x6  
  196  11:24  Zergling x8  
  199  11:26  Baneling x16, Overseer  
  196  11:33  Baneling x6  
  196  11:38  Zergling x28  
  184  11:48  Zergling x20  
  184  11:50  Baneling x15  
  166  12:01  Zergling x2  
  166  12:02  Zergling x10  
  170  12:12  Baneling x15  
  170  12:13  Zergling x16  
  169  12:28  Hatchery  
Show
View Real Time Build Order
Export as new Build Order

Kas Terran 

Build Orders: Hellion Opening, Reaper Expand 

Get SALT Encoding   

  12  0:00  SCV  
  13  0:12  SCV  
  14  0:16  Supply Depot  
  14  0:24  SCV  
  15  0:38  SCV  
  15  0:39  Barracks  
  16  0:43  Refinery  
  16  0:50  SCV  
  17  1:02  SCV  
  18  1:14  SCV  
  19  1:26  Orbital Command, Reaper  
  20  1:38  Command Center  
  20  1:46  Supply Depot  
  20  1:52  SCV  
  21  1:58  Marine  
  22  2:04  SCV  
  22  2:06  Factory  
  23  2:16  SCV  
  23  2:18  Refinery  
  23  2:20  Barracks Reactor  
  24  2:28  SCV  
  25  2:40  SCV  
  26  2:51  Orbital Command  
  26  2:53  Starport  
  26  2:55  SCV  
  27  3:01  Hellion  
  27  3:02  Hellion  
  31  3:07  SCV  
  31  3:08  Marine  
  33  3:18  Supply Depot  
  33  3:19  SCV  
  33  3:21  SCV  
  33  3:23  Hellion x2  
  38  3:30  Fusion Core  
  38  3:31  SCV  
  38  3:33  Starport Tech Lab  
  38  3:34  SCV  
  40  3:44  Hellion, SCV, Supply Depot  
  43  3:53  SCV  
  46  3:56  Hellion, SCV  
  47  4:05  SCV  
  47  4:06  Hellion  
  47  4:08  SCV, Supply Depot  
  51  4:17  SCV  
  51  4:18  Battlecruiser  
  51  4:20  SCV  
  59  4:24  Supply Depot  
  59  4:29  SCV  
  59  4:30  Hellion x2  
  64  4:38  Armory  
  64  4:40  SCV  
  64  4:41  SCV  
  66  4:45  Barracks Tech Lab  
  66  4:54  SCV  
  67  5:01  SCV  
  67  5:03  Command Center  
  67  5:07  SCV  
  69  5:11  Marine x2  
  69  5:13  SCV  
  72  5:19  Refinery, SCV  
  73  5:25  Barracks x2, SCV  
  74  5:49  Marine  
  75  5:51  Thor  
  75  5:55  SCV x2  
  77  5:58  Engineering Bay x2, Refinery  
  69  6:06  Marine x2  
  69  6:09  SCV x2  
  69  6:15  Barracks  
  69  6:16  Barracks Reactor  
  69  6:17  Orbital Command  
  63  6:19  Barracks  
  63  6:21  SCV x2, Marine  
  63  6:22  Stimpack, Starport Reactor  
  63  6:24  Marine  
  63  6:25  Terran Infantry Armor Level 1, Terran Infantry Weapons Level 1  
  67  6:28  Missile Turret x2  
  67  6:30  Marine  
  68  6:33  SCV  
  68  6:35  Missile Turret  
  68  6:39  Marine  
  69  6:42  Marine  
  69  6:46  SCV  
  71  6:48  SCV, Marine, Thor  
  71  6:50  Orbital Command  
  71  6:53  Factory  
  79  6:56  Marine x2  
  79  6:57  Marine  
  79  6:58  Barracks, SCV, Supply Depot  
  79  7:00  Barracks, Marine  
  84  7:06  Marine, Barracks Reactor x2  
  84  7:08  SCV  
  86  7:10  SCV  
  86  7:12  Command Center  
  86  7:14  Marine  
  86  7:15  SCV  
  89  7:18  Marine x3  
  89  7:20  Drilling Claws, SCV  
  93  7:23  SCV  
  93  7:27  Bunker, SCV, Marine  
  96  7:31  Widow Mine, Supply Depot  
  96  7:32  SCV  
  96  7:34  Supply Depot  
  99  7:37  Marine x2  
  99  7:39  SCV  
  99  7:40  SCV  
  101  7:45  Marine  
  101  7:48  Marine  
  101  7:49  Refinery  
  101  7:51  Refinery  
  101  7:52  Medivac, Supply Depot, Marine x3  
  101  7:53  Widow Mine  
  101  7:56  Marine x3  
  101  7:57  Missile Turret  
  110  7:58  Refinery  
  110  8:01  Barracks Reactor x2  
  110  8:02  Factory Tech Lab  
  110  8:03  Factory Reactor  
  110  8:04  Combat Shield  
  110  8:07  SCV x2  
  110  8:12  Marauder, Marine  
  113  8:13  Marine x2  
  113  8:16  SCV  
  113  8:19  SCV  
  118  8:23  Terran Infantry Weapons Level 2  
  118  8:24  Supply Depot  
  118  8:25  Supply Depot  
  118  8:26  SCV  
  119  8:29  Marine x5  
  123  8:36  Marine x2  
  123  8:38  Terran Infantry Armor Level 2  
  123  8:39  Marine x6  
  131  8:42  SCV  
  131  8:44  Widow Mine x2  
  131  8:46  Marine  
  138  8:48  SCV x2  
  138  8:51  Planetary Fortress  
  138  8:55  SCV  
  140  8:57  Marine x3  
  140  8:58  Missile Turret, Marine x3  
  140  9:00  SCV x2  
  148  9:03  Supply Depot  
  148  9:05  Supply Depot, Marine x2  
  148  9:06  Marine  
  148  9:07  Medivac x2  
  148  9:09  Marine  
  156  9:20  Supply Depot x2, Marine x4  
  156  9:21  Widow Mine x2  
  156  9:22  Supply Depot  
  156  9:23  Widow Mine  
  164  9:25  SCV  
  164  9:28  Missile Turret  
  164  9:29  Missile Turret, Marine x2  
  167  9:31  Missile Turret, Marine x2  
  167  9:38  Medivac x2  
  173  9:44  Terran Vehicle And Ship Armor Level 1  
  173  9:46  Supply Depot x2, Marine  
  173  9:47  Supply Depot, Marine  
  173  9:52  Marine x6  
  181  9:53  Marauder, Marine  
  181  9:58  Marine x2  
  181  9:59  Marine  
  186  10:04  Marine x2  
  189  10:09  Marine x2  
  189  10:10  Marine x2  
  189  10:11  Command Center  
  189  10:12  Marine  
  189  10:13  Missile Turret  
  192  10:35  Marauder, Marine x11  
  199  10:37  Missile Turret  
  199  10:40  Missile Turret  
  194  10:56  Command Center  
  191  10:57  Missile Turret  
  191  10:58  Marine x4  
  191  10:59  Missile Turret  
  191  11:00  Missile Turret  
  191  11:02  Missile Turret, Marine  
  191  11:03  Missile Turret, Marine x4  
  200  11:14  Marine  
  200  11:16  Marine x3  
  192  11:28  Marine x5  
  192  11:30  Marine  
  192  11:31  Marine  
  194  11:37  Marine  
  160  11:54  Marine x7  
  124  12:03  Marine x6  
  129  12:12  Marine x6  
  129  12:13  Marine  

Tags
 
Add a new tag
Caveats
  • Supply blocks, unpowered buildings, or Contaminate may cause inaccurate times.
  • Supply counts are checked every 10 seconds.